 Dungeon Crawl Stone Soup version bcrawl-1.21.2-1-g32d02e0829 (webtiles) character file.

Game seed: 6577810557990056898

701 Mrkan the Chopper (level 7, -12/55 HPs)
             Began as a Demonspawn Gladiator on Feb 19, 2020.
             Was a Believer of Ru.
             Mangled by an ogre
             ... wielding a +0 giant spiked club
              (25 damage)
             ... on level 5 of the Dungeon.
             The game lasted 00:05:00 (5310 turns).

Mrkan the Chopper (Demonspawn Gladiator)            Turns: 5310, Time: 00:05:01

Health: -12/55     AC: 11    Str: 16    XL:     7   Next: 38%
Magic:  7/7        EV:  6    Int:  9    God:    Ru [**....]
Gold:   369        SH:  0    Dex: 15    Spells: 6/6 levels left

rFire    . . .     SeeInvis .   a - +0 war axe
rCold    . . .     Gourm    .   (no shield)
rNeg     . . .     Faith    .   y - +0 plate armour
rPois    .         Spirit   .   (helmet restricted)
rElec    .         Reflect  .   (no cloak)
rCorr    .         Harm     .   r - +0 pair of gloves
MR       .....                  (no boots)
Stlth    ..........             (no amulet)
HPRegen  0.18/turn              (no ring)
MPRegen  0.10/turn              (no ring)

@: no status effects
A: antennae 1, demonic guardian 1, inability to use devices
a: Renounce Religion


You were on level 5 of the Dungeon.
You worshipped Ru.
Ru was pleased with you.
You were not hungry.

You visited 1 branch of the dungeon, and saw 5 of its levels.

You collected 369 gold pieces.

Inventory:

Hand Weapons
 a - a +0 war axe (weapon)
Missiles
 d - 4 throwing nets (quivered) {!f}
Armour
 r - a +0 pair of gloves (worn)
 y - a +0 plate armour (worn)
Jewellery
 b - an uncursed amulet of faith {unknown}
 g - a +3 ring of intelligence {unknown}
Scrolls
 f - 3 scrolls of identify {unknown}
 h - 3 scrolls of teleportation {unknown}
 i - a scroll of fear {unknown}
 j - a scroll of fog {unknown}
 k - 3 scrolls of remove curse {unknown}
 m - a scroll of magic mapping {unknown}
 p - 2 scrolls of amnesia {unknown}
 q - a scroll of enchant armour {unknown}
Potions
 c - a potion of ambrosia {unknown}
 l - a potion of berserk rage {unknown}
 n - a potion of haste {unknown}
 o - a potion of cancellation {unknown}
 s - 2 potions of mutation {unknown}
 t - a potion of might {unknown}
 u - a potion of lignification {unknown}
 v - a potion of magic {unknown}
 w - a potion of flight {unknown}
 z - a potion of agility {unknown}
Comestibles
 e - 6 rations {!d}


   Skills:
 + Level 4.4 Fighting
 * Level 5.9 Axes
 - Level 1.7 Throwing
 + Level 4.6 Dodging


You had 6 spell levels left.
You didn't know any spells.
Your spell library was empty.

Dungeon Overview and Level Annotations

Branches:
Dungeon (5/12)             Temple (0/1) D:5

Altars:
Ashenzari
Elyvilon
Kikubaaqudgha
Ru
Vehumet
Zin
The Shining One

Annotations:
D:3 3 runed translucent doors, yrara's ghost, amateur DsFi
D:5 3 runed translucent doors, Freyura's ghost, amateur DsGl


Innate Abilities, Weirdness & Mutations

You have a pair of small antennae on your head.
A weak demonic guardian rushes to your aid.
You cannot study or use magical devices.


Message History

Your ufetubus hits the ogre but does no damage.
The ogre hits you with a +0 giant spiked club!!
The ogre hits your ufetubus with a +0 giant spiked club!
Your ufetubus dies!
You slash the ogre!
The ogre is heavily wounded.
The ogre barely misses you.
You hit the ogre.
The ogre is heavily wounded.
The ogre hits you with a +0 giant spiked club!
You hit the ogre.
The ogre is severely wounded.
You hit the ogre.
The ogre is almost dead.
The ogre hits you with a +0 giant spiked club!
* * * LOW HITPOINT WARNING * * *
You hit the ogre but do no damage.
The ogre is almost dead.
The ogre hits you with a +0 giant spiked club!!
You die...

#. #.#
............ ..
#...........# #.
............#
#.###...........##
#..##............#
#.###...........#
#...#...........##
#@...............#
#O###............#
#..#
####.........#
#... ##.....†...
#... ##....(..#
..... #########
#..... .#.....


You could see an ogre.

Vanquished Creatures
  Grinder (D:3)
  A big kobold (D:4)
  2 hounds
  Natasha (D:3)
  An orc wizard (D:3)
  A worker ant (D:4)
  4 gnolls
  2 adders
  An ooze (D:3)
  3 worms
  8 leopard geckos
  9 orcs
  5 giant cockroaches
  3 goblins (D:2)
  10 hobgoblins
  10 jackals
  A quokka (D:2)
  A ball python (D:1)
  6 bats
  7 frilled lizards
  A jackal skeleton (D:3)
  9 kobolds
  3 rats
90 creatures vanquished.

Vanquished Creatures (collateral kills)
  Sigmund (D:3)
  Natasha (D:3)
  A gnoll (D:2)
  An orc (D:3)
  A jackal (D:3)
  A kobold (D:3)
6 creatures vanquished.

Vanquished Creatures (others)
  A plant (D:4)
1 creature vanquished.

Grand Total: 97 creatures vanquished

Notes
Turn   | Place    | Note
-------+----------+-------------------------------------------
     0 | D:1      | Mrkan the Demonspawn Gladiator began the quest for the Orb.
     0 | D:1      | Reached XP level 1. HP: 16/16 MP: 1/1
   227 | D:1      | Reached skill level 3 in Axes
   234 | D:1      | Gained mutation: A weak demonic guardian rushes to your
                  | aid. [demonic ancestry]
   234 | D:1      | Reached XP level 2. HP: 19/22 MP: 2/2
   740 | D:1      | Gained mutation: You have a pair of small antennae on your
                  | head. [demonic ancestry]
   740 | D:1      | Reached XP level 3. HP: 26/28 MP: 3/3
  1690 | D:2      | Reached XP level 4. HP: 29/34 MP: 4/4
  1728 | D:2      | Found a white marble altar of Elyvilon.
  1738 | D:2      | Found a sacrificial altar of Ru.
  1760 | D:2      | Found a glowing golden altar of the Shining One.
  1789 | D:2      | Became a worshipper of Ru the Awakened
  2797 | D:3      | Noticed Natasha
  2805 | D:3      | Killed Natasha
  2805 | D:3      | Reached skill level 4 in Axes
  2861 | D:3      | Noticed Sigmund
  2873 | D:3      | Killed Sigmund
  2873 | D:3      | Reached XP level 5. HP: 41/41 MP: 5/5
  2935 | D:3      | Found a faded altar of an unknown god.
  2945 | D:3      | Reached XP level 6. HP: 42/47 MP: 6/6
  2988 | D:3      | Found a runed translucent gate.
  2990 | D:3      | Found a runed translucent gate.
  2991 | D:3      | Found a runed translucent gate.
  3018 | D:3      | Noticed yrara's ghost (amateur DsFi)
  3107 | D:3      | Gained mutation: You cannot study or use magical devices.
                  | [Ru sacrifice]
  3107 | D:3      | Reached * piety under Ru
  3107 | D:3      | Reached ** piety under Ru
  3314 | D:3      | Noticed Natasha
  3321 | D:3      | Killed Natasha
  3442 | D:3      | Noticed Grinder
  3449 | D:3      | Paralysed by Grinder for 4 turns
  3454 | D:3      | Killed Grinder
  3454 | D:3      | Reached skill level 5 in Axes
  3919 | D:4      | Reached XP level 7. HP: 54/54 MP: 7/7
  4177 | D:4      | Found an ancient bone altar of Kikubaaqudgha.
  4371 | D:4      | Found a radiant altar of Vehumet.
  4624 | D:4      | Found a shattered altar of Ashenzari.
  4793 | D:4      | Noticed an angel
  4794 | D:4      | Found a glowing silver altar of Zin.
  4924 | D:5      | Entered Level 5 of the Dungeon
  5176 | D:5      | Found a staircase to the Ecumenical Temple.
  5245 | D:5      | Found a runed translucent gate.
  5245 | D:5      | Found a runed translucent gate.
  5249 | D:5      | Found a runed translucent gate.
  5250 | D:5      | Noticed Freyura's ghost (amateur DsGl)
  5310 | D:5      | Mangled by an ogre

Skill      XL: |  1  2  3  4  5  6 |
---------------+-------------------+-----
Axes           | 3 4 5 |  5.9
Dodging        | 3 4 |  4.6
Fighting       | 3 4 |  4.4
Throwing       | |  1.7

Action                   |  1- 3 |  4- 6 |  7- 9 || total
-------------------------+-------+-------+-------++-------
Melee: War axe           |    70 |    98 |    93 ||   261
Invok: Sacrifice Artific |       |     1 |       ||     1
  Eat: Chunk             |     2 |     6 |     6 ||    14
Armor: Leather armour    |    15 |    36 |     9 ||    60
       Plate armour      |       |       |    35 ||    35
Dodge: Dodged            |    55 |    96 |    44 ||   195
